Workbook

Sheet 📊 Dashboard
B3:  CONTROLE FINANCEIRO PESSOAL
B4: Mês: November 2025
B6: TOTAL RECEITAS | D6: TOTAL DESPESAS
B7: =SUMIF(' Lançamentos'!D:D,"Receita",' Lançamentos'!E:E) -> 0 | D7: =SUMIF(' Lançamentos'!D:D,"Despesa",' Lançamentos'!E:E) -> 0
B9: SALDO DO MÊS
B10: =B7+D7 -> 0
B13: TOP 5 CATEGORIAS DE DESPESAS
B14: CATEGORIA | C14: VALOR | D14: % DO TOTAL
B15: Alimentação | C15: =_xlfn.SUMIFS(' Lançamentos'!E:E,' Lançamentos'!C:C,B15,' Lançamentos'!D:D,"Despesa") -> 0 | D15: =C15/SUM(C$15:C$19) -> #DIV/0!
B16: Transporte | C16: =_xlfn.SUMIFS(' Lançamentos'!E:E,' Lançamentos'!C:C,B16,' Lançamentos'!D:D,"Despesa") -> 0 | D16: =C16/SUM(C$15:C$19) -> #DIV/0!
B17: Moradia | C17: =_xlfn.SUMIFS(' Lançamentos'!E:E,' Lançamentos'!C:C,B17,' Lançamentos'!D:D,"Despesa") -> 0 | D17: =C17/SUM(C$15:C$19) -> #DIV/0!
B18: Saúde | C18: =_xlfn.SUMIFS(' Lançamentos'!E:E,' Lançamentos'!C:C,B18,' Lançamentos'!D:D,"Despesa") -> 0 | D18: =C18/SUM(C$15:C$19) -> #DIV/0!
B19: Educação | C19: =_xlfn.SUMIFS(' Lançamentos'!E:E,' Lançamentos'!C:C,B19,' Lançamentos'!D:D,"Despesa") -> 0 | D19: =C19/SUM(C$15:C$19) -> #DIV/0!
B40:  COMO USAR ESTA PLANILHA:
B41: 1. Vá para a aba " Lançamentos" e adicione suas receitas e despesas
B42: 2. Preencha: Data, Descrição, Categoria, Tipo (Receita/Despesa), Valor
B43: 3. O Dashboard será atualizado automaticamente com os totais
B44: 4. Use a aba " Metas" para acompanhar seus objetivos financeiros
B45: 5. Confira o " Relatório Mensal" para análise detalhada

Sheet 💰 Lançamentos
A2: DATA | B2: DESCRIÇÃO | C2: CATEGORIA | D2: TIPO | E2: VALOR | F2: OBSERVAÇÕES
A3: 10/11/2025 | B3: Salário | C3: Salário | D3: Receita | E3: 5000 | F3: Pagamento mensal
A4: 11/11/2025 | B4: Supermercado | C4: Alimentação | D4: Despesa | E4: -350 | F4: Compras do mês
A5: 12/11/2025 | B5: Uber | C5: Transporte | D5: Despesa | E5: -45 | F5: Corridas da semana
A6: 13/11/2025 | B6: Aluguel | C6: Moradia | D6: Despesa | E6: -1200 | F6: Aluguel + condomínio
A7: 14/11/2025 | B7: Freelance | C7: Freelance | D7: Receita | E7: 800 | F7: Projeto web
A8: 15/11/2025 | B8: Academia | C8: Saúde | D8: Despesa | E8: -120 | F8: Mensalidade

Sheet 📁 Categorias
A2: CATEGORIA | B2: TIPO
A3: Alimentação | B3: Despesa
A4: Transporte | B4: Despesa
A5: Moradia | B5: Despesa
A6: Saúde | B6: Despesa
A7: Educação | B7: Despesa
A8: Lazer | B8: Despesa
A9: Vestuário | B9: Despesa
A10: Serviços | B10: Despesa
A11: Investimentos | B11: Despesa
A12: Outros | B12: Despesa
A13: Salário | B13: Receita
... A16: Outros | B16: Receita

Sheet 🎯 Metas
A2: META | B2: VALOR ALVO | C2: VALOR ATUAL | D2: FALTA | E2: % ATINGIDO
A3: Reserva de Emergência | B3: 10000 | C3: 3500 | D3: =B3-C3 -> 6500 | E3: =C3/B3 -> 0.35
A4: Viagem | B4: 5000 | C4: 1200 | D4: =B4-C4 -> 3800 | E4: =C4/B4 -> 0.24
A5: Investimentos | B5: 20000 | C5: 8500 | D5: =B5-C5 -> 11500 | E5: =C5/B5 -> 0.425

Sheet 📈 Relatório Mensal
A2: RELATÓRIO MENSAL - GASTOS POR CATEGORIA
A4: CATEGORIA | B4: VALOR | C4: % DO TOTAL
A5: Alimentação | B5: =_xlfn.SUMIFS(' Lançamentos'!E:E,' Lançamentos'!C:C,A5,' Lançamentos'!D:D,"Despesa") -> 0 | C5: =B5/SUM(B$5:B$9) -> #DIV/0!
A6: Transporte | B6: =_xlfn.SUMIFS(' Lançamentos'!E:E,' Lançamentos'!C:C,A6,' Lançamentos'!D:D,"Despesa") -> 0 | C6: =B6/SUM(B$5:B$9) -> #DIV/0!
A7: Moradia | B7: =_xlfn.SUMIFS(' Lançamentos'!E:E,' Lançamentos'!C:C,A7,' Lançamentos'!D:D,"Despesa") -> 0 | C7: =B7/SUM(B$5:B$9) -> #DIV/0!
A8: Saúde | B8: =_xlfn.SUMIFS(' Lançamentos'!E:E,' Lançamentos'!C:C,A8,' Lançamentos'!D:D,"Despesa") -> 0 | C8: =B8/SUM(B$5:B$9) -> #DIV/0!
A9: Educação | B9: =_xlfn.SUMIFS(' Lançamentos'!E:E,' Lançamentos'!C:C,A9,' Lançamentos'!D:D,"Despesa") -> 0 | C9: =B9/SUM(B$5:B$9) -> #DIV/0!
